 Dungeon Crawl Stone Soup version 0.30-a0-6-g7c9e10e132 (webtiles) character file.

Game seed: 18013509004350634213

6129 Zeldest the Ducker (level 10, 0/77 HPs)
             Began as a Gnoll Wanderer on Aug 22, 2022.
             Was a Believer of Cheibriados.
             Slain by a komodo dragon (20 damage)
             ... on level 1 of the Lair of Beasts.
             The game lasted 00:29:30 (4551 turns).

Zeldest the Ducker (Gnoll Wanderer)                 Turns: 4551, Time: 00:29:31

Health: 0/77       AC: 21    Str: 21    XL:     10   Next: 89%
Magic:  18/18      EV: 15    Int: 25    God:    Cheibriados [**....]
Gold:   446        SH:  0    Dex: 21    Spells: 20/20 levels left

rFire   . . .      SeeInvis .    l - +2 long sword (holy)
rCold   . . .      Faith    .    (no shield)
rNeg    . . .      Spirit   .    O - +6 scale mail of Mekyrou {Str+4}
rPois   .          Reflect  .    H - +2 helmet
rElec   .          Harm     .    r - +1 cloak
rCorr   +          Rampage  .    c - +0 pair of gloves
Will    .....                    (no boots)
Stlth   ++........               k - amulet of the acrobat
HPRegen 0.22/turn                t - +6 ring of intelligence
MPRegen 0.16/turn                P - ring of resist corrosion

@: very slow
A: fangs 1, strong nose, distributed training
a: Renounce Religion, Bend Time


You were on level 1 of the Lair of Beasts.
You worshipped Cheibriados.
Cheibriados was pleased with you.
You visited 3 branches of the dungeon, and saw 11 of its levels.

You collected 446 gold pieces.

Inventory:

Hand Weapons
 l - a +2 long sword of holy wrath (weapon)
 L - a +5 long sword
Missiles
 b - a curare-tipped dart (quivered)
 x - 3 poisoned darts
Armour
 c - a +0 pair of gloves (worn)
 r - a +1 cloak (worn)
 H - a +2 helmet (worn)
 O - the +6 scale mail of Mekyrou (worn) {Str+4}
   (You found it on level 7 of the Dungeon)

   Str:       It affects your strength (+4).
Jewellery
 k - an amulet of the acrobat (around neck)
 t - a +6 ring of intelligence (left hand)
 E - a +6 ring of dexterity
 P - a ring of resist corrosion (right hand)
Scrolls
 a - 2 scrolls of fog {unknown}
 e - a scroll of immolation {unknown}
 f - 2 scrolls of teleportation
 i - 2 scrolls of acquirement {unknown}
 j - 2 scrolls of blinking
 m - a scroll of torment {unknown}
 n - a scroll of magic mapping {unknown}
 w - a scroll of brand weapon {unknown}
 y - 2 scrolls of noise {unknown}
 A - 4 scrolls of poison {unknown}
 B - a scroll of silence {unknown}
 D - a scroll of amnesia {unknown}
 G - a scroll of enchant armour {unknown}
 J - a scroll of enchant weapon {unknown}
 K - a scroll of vulnerability {unknown}
 M - 3 scrolls of summoning {unknown}
Potions
 d - a potion of attraction
 g - a potion of magic {unknown}
 h - 3 potions of curing
 o - 4 potions of mutation
 p - 2 potions of flight {unknown}
 q - 2 potions of degeneration {unknown}
 u - 2 potions of resistance
 v - a potion of cancellation {unknown}
 z - 2 potions of brilliance {unknown}
 C - a potion of haste {unknown}
 F - 2 potions of berserk rage {unknown}
 I - 3 potions of heal wounds {unknown}
 N - 2 potions of lignification {unknown}


   Skills:
 + Level 6.5 Fighting
 + Level 5.9 Short Blades
 + Level 7.5 Long Blades
 + Level 5.9 Axes
 + Level 5.9 Maces & Flails
 + Level 5.9 Polearms
 + Level 5.9 Staves
 + Level 5.9 Ranged Weapons
 + Level 7.5 Throwing
 + Level 7.5 Armour
 + Level 7.5 Dodging
 + Level 5.9 Stealth
 + Level 5.9 Shields
 + Level 5.9 Unarmed Combat
 + Level 5.9 Spellcasting
 + Level 4.9 Conjurations
 + Level 4.9 Hexes
 + Level 4.9 Summonings
 + Level 4.9 Necromancy
 + Level 4.9 Translocations
 + Level 4.9 Transmutations
 + Level 4.9 Fire Magic
 + Level 4.9 Ice Magic
 + Level 4.9 Air Magic
 + Level 4.9 Earth Magic
 + Level 4.9 Poison Magic
 + Level 6.5 Invocations
 + Level 6.5 Evocations


You had 20 spell levels left.
You didn't know any spells.
Your spell library contained the following spells:

 Spells                   Type           Power      Damage    Failure   Level
 Scorch                   Fire           64%        2d8       3%          2
 Ignite Poison            Fire/Tmut/Pois 32%        N/A       8%          3
 Mephitic Cloud           Conj/Pois/Air  32%        N/A       8%          3
 Flame Wave               Conj/Fire      32%        2d9       24%         4
 Freezing Cloud           Conj/Ice/Air   16%        6-21      56%         5
 Conjure Ball Lightning   Conj/Air       16%        3x3d6     98%         6
 Summon Cactus Giant      Summ           16%        N/A       98%         6
 Discord                  Hex            16%        N/A       100%        8
 Disjunction              Tloc           16%        N/A       100%        8


Dungeon Overview and Level Annotations

Branches:
Dungeon (9/15)             Temple (1/1) D:6            Lair (1/5) D:8
    Orc: D:9-12

Altars:
Cheibriados
Fedhas
Gozag
Kikubaaqudgha
Makhleb
Okawaru
Ru
Trog
Uskayaw
Vehumet
Wu Jian
Yredelemnul
Zin

Annotations:
D:3 1 runed translucent door, Crazy Yiuf


Innate Abilities, Weirdness & Mutations

You have very sharp teeth.
Your uncanny sense of smell can sniff out nearby items.
Your experience applies equally to all skills.


Message History

The komodo dragon is moderately wounded.
The komodo dragon bites you but does no damage.
You hit the komodo dragon but do no damage.
You bite the komodo dragon, but do no damage.
The komodo dragon is moderately wounded.
The komodo dragon completely misses you.
You hit the komodo dragon.
The komodo dragon is moderately wounded.
A blink frog comes into view.
The komodo dragon barely misses you.
You hit the komodo dragon but do no damage.
You bite the komodo dragon.
The komodo dragon is moderately wounded.
The blink frog blinks! x2
The komodo dragon bites you but does no damage.
You closely miss the komodo dragon.
The komodo dragon is moderately wounded.
The komodo dragon closely misses you.
You hit the komodo dragon.
The komodo dragon is moderately wounded.
The komodo dragon barely misses you.
The blink frog blinks!
You hit the komodo dragon but do no damage.
The komodo dragon is moderately wounded.
The komodo dragon misses you.
You closely miss the komodo dragon.
The komodo dragon is moderately wounded.
The komodo dragon bites you!
You hit the komodo dragon.
The komodo dragon is heavily wounded.
A blink frog comes into view.
The komodo dragon closely misses you.
The blink frog gives a loud, deep croak!
You hit the komodo dragon but do no damage.
The komodo dragon is heavily wounded.
The komodo dragon bites you!!
* * * LOW HITPOINT WARNING * * *
You completely miss the komodo dragon.
The komodo dragon is heavily wounded.
The komodo dragon bites you!!
You die...

................
.................
.................
..................
..................
. ................
...
............##.FF..
.........l@F....#
#......#.######
#......###
###.....## ##.....#
#.....## #......#
##.....## #.......#


You could see a komodo dragon and 3 blink frogs.

Vanquished Creatures
  A two-headed ogre (D:9)
  Pikel (D:5)
  A komodo dragon (D:8)
  A hornet (D:9)
  11 yaks
  4 water moccasins
  A centaur (D:5)
  A phantom (D:6)
  4 bullfrogs
  A scorpion (D:6)
  11 wights
  7 killer bees
  3 electric eels (D:9)
  4 howler monkeys
  2 centaur zombies (D:7)
  2 jellies
  A bullfrog zombie (D:7)
  A gnoll bouda (D:4)
  2 orc priests
  3 hounds
  6 iguanas
  9 orc wizards
  A killer bee zombie (D:7)
  A howler monkey zombie (D:7)
  Robin (D:4)
  11 gnolls
  6 adders
  A white imp (D:6)
  A worm (D:3)
  A dart slug (D:1)
  25 orcs
  8 ball pythons
  10 bats
  4 endoplasms
  13 goblins
  3 hobgoblins
  2 jackals (D:2)
  2 quokkas (D:2)
  2 frilled lizards
  5 kobolds
  A rat (D:1)
175 creatures vanquished.

Vanquished Creatures (others)
  An orc wizard (D:6)
  14 plants
  A withered plant (D:7)
16 creatures vanquished.

Grand Total: 191 creatures vanquished

Notes
Turn   | Place    | Note
-------+----------+-------------------------------------------
     0 | D:1      | Zeldest the Gnoll Wanderer began the quest for the Orb.
     0 | D:1      | Zeldest set off with the following items: a +2 dagger, a
                  | curare-tipped dart, a +0 falchion, a +0 scale mail, a
                  | scroll of fear.
     0 | D:1      | Reached XP level 1. HP: 17/17 MP: 1/1
    99 | D:1      | Reached XP level 2. HP: 23/23 MP: 2/2
   426 | D:2      | Reached XP level 3. HP: 23/28 MP: 2/4
   498 | D:2      | Reached skill level 1 in Invocations
   617 | D:3      | Reached skill level 1 in Short Blades
   617 | D:3      | Reached skill level 1 in Axes
   617 | D:3      | Reached skill level 1 in Maces & Flails
   617 | D:3      | Reached skill level 1 in Polearms
   617 | D:3      | Reached skill level 1 in Staves
   617 | D:3      | Reached skill level 1 in Ranged Weapons
   617 | D:3      | Reached skill level 1 in Stealth
   617 | D:3      | Reached skill level 1 in Shields
   617 | D:3      | Reached skill level 1 in Unarmed Combat
   617 | D:3      | Reached skill level 1 in Spellcasting
   649 | D:3      | Reached XP level 4. HP: 31/34 MP: 5/5
   717 | D:3      | Reached skill level 1 in Conjurations
   717 | D:3      | Reached skill level 1 in Hexes
   717 | D:3      | Reached skill level 1 in Summonings
   717 | D:3      | Reached skill level 1 in Necromancy
   717 | D:3      | Reached skill level 1 in Translocations
   717 | D:3      | Reached skill level 1 in Transmutations
   717 | D:3      | Reached skill level 1 in Fire Magic
   717 | D:3      | Reached skill level 1 in Ice Magic
   717 | D:3      | Reached skill level 1 in Air Magic
   717 | D:3      | Reached skill level 1 in Earth Magic
   717 | D:3      | Reached skill level 1 in Poison Magic
   952 | D:3      | Found a runed translucent door.
   953 | D:3      | Noticed Crazy Yiuf
  1078 | D:3      | Reached XP level 5. HP: 20/40 MP: 5/7
  1087 | D:4      | Noticed Robin
  1095 | D:4      | Killed Robin
  1376 | D:4      | Reached XP level 6. HP: 28/47 MP: 8/8
  1389 | D:5      | Entered Level 5 of the Dungeon
  1394 | D:4      | Reached skill level 5 in Long Blades
  1394 | D:4      | Reached skill level 5 in Throwing
  1394 | D:4      | Reached skill level 5 in Armour
  1394 | D:4      | Reached skill level 5 in Dodging
  1499 | D:4      | Identified the +0 ring mail of Loss {rPois}
  1514 | D:4      | Noticed a black bear
  1753 | D:5      | Noticed Pikel
  1760 | D:5      | Reached XP level 7. HP: 49/52 MP: 10/10
  1763 | D:5      | Killed Pikel
  1764 | D:5      | Reached XP level 8. HP: 24/60 MP: 10/12
  1824 | D:5      | Identified the +2 leather armour of Wiug {Str-4 Int+8
                  | Dex+5}
  2265 | D:6      | Noticed a yak
  2265 | D:6      | Noticed a yak
  2265 | D:6      | Noticed a yak
  2266 | D:6      | Noticed a yak
  2266 | D:6      | Noticed a yak
  2267 | D:6      | Found a staircase to the Ecumenical Temple.
  2278 | Temple   | Entered the Ecumenical Temple
  2293 | Temple   | Became a worshipper of Cheibriados the Contemplative
  2591 | D:6      | Killed a yak
  2625 | D:6      | Killed a yak
  2626 | D:6      | Reached XP level 9. HP: 54/67 MP: 13/15
  2639 | D:6      | Reached skill level 5 in Fighting
  2639 | D:6      | Reached skill level 5 in Evocations
  3155 | D:7      | Reached skill level 5 in Invocations
  3261 | D:7      | Reached * piety under Cheibriados
  3286 | D:7      | Identified the +6 scale mail of Mekyrou {Str+4}
  3364 | D:7      | Found a basalt altar of Yredelemnul.
  3519 | D:8      | Found a staircase to the Lair.
  3520 | D:8      | Noticed a komodo dragon
  3550 | D:8      | Killed a komodo dragon
  3643 | D:8      | Found an ornate altar of the Wu Jian Council.
  3668 | D:8      | Reached skill level 5 in Short Blades
  3668 | D:8      | Reached skill level 5 in Axes
  3668 | D:8      | Reached skill level 5 in Maces & Flails
  3668 | D:8      | Reached skill level 5 in Polearms
  3668 | D:8      | Reached skill level 5 in Staves
  3668 | D:8      | Reached skill level 5 in Ranged Weapons
  3668 | D:8      | Reached skill level 5 in Stealth
  3668 | D:8      | Reached skill level 5 in Shields
  3668 | D:8      | Reached skill level 5 in Unarmed Combat
  3668 | D:8      | Reached skill level 5 in Spellcasting
  3668 | D:8      | Reached XP level 10. HP: 76/76 MP: 17/17
  3861 | D:9      | Found an iron altar of Okawaru.
  3873 | D:9      | Identified the +2 long sword of the Spinneret {speed,
                  | +Blink rF++ Stlth-}
  3918 | D:9      | Reached ** piety under Cheibriados
  4051 | D:9      | Found an ancient bone altar of Kikubaaqudgha.
  4086 | D:9      | Noticed a two-headed ogre
  4101 | D:9      | Killed a two-headed ogre
  4356 | D:9      | Reached *** piety under Cheibriados
  4450 | Lair:1   | Entered Level 1 of the Lair of Beasts
  4551 | Lair:1   | Slain by a komodo dragon

Illustrated notes

Levels and vault maps discovered:
D:1:      giann_forest_graveyard, layout_loops_cross, basic_ecumenical_altar,
          serial_shops, shop, grunt_decor_arrowhead,
          chequers_serial_rivers_micro_e, minmay_worlds_worst_comb
D:2:      layout_rooms
D:3:      layout_basic, uniq_crazy_yiuf_cottage
D:4:      layout_loops_corners, nicolae_overflow_hidden_temple, uniq_eustachio,
          uniq_robin
D:5:      layout_loops_corners, minmay_lizard_king, uniq_pikel
D:6:      layout_basic, minmay_temple_entry_antechambers
D:7:      layout_basic, nicolae_overflow_squiral, serial_undead,
          serial_undead_b, serial_undead_a, serial_undead_d, serial_undead_c
D:8:      lemuel_slime, layout_basic, amcnicky_altar_gilded, david_lair_shrubbed
D:9:      layout_stronghold, mainiacjoe_overflow_cross_hatched,
          mainiacjoe_overflow_brackets, orc_david_3, serial_bayou_lagoon_b
Temple:   zaba_magenta_temple
Lair:1:   layout_hall_layers, ebering_ghost_rock_garden

Skill      XL: |  1  2  3  4  5  6  7  8  9 10 |
---------------+-------------------------------+-----
Invocations    | 1 2 3 4 5 6 |  6.5
Short Blades   | 1 2 3 4 5 |  5.9
Axes           | 1 2 3 4 5 |  5.9
Maces & Flails | 1 2 3 4 5 |  5.9
Polearms       | 1 2 3 4 5 |  5.9
Staves         | 1 2 3 4 5 |  5.9
Ranged Weapons | 1 2 3 4 5 |  5.9
Stealth        | 1 2 3 4 5 |  5.9
Shields        | 1 2 3 4 5 |  5.9
Unarmed Combat | 1 2 3 4 5 |  5.9
Spellcasting   | 1 2 3 4 5 |  5.9
Conjurations   | 1 2 3 4 |  4.9
Hexes          | 1 2 3 4 |  4.9
Summonings     | 1 2 3 4 |  4.9
Necromancy     | 1 2 3 4 |  4.9
Translocations | 1 2 3 4 |  4.9
Transmutations | 1 2 3 4 |  4.9
Fire Magic     | 1 2 3 4 |  4.9
Ice Magic      | 1 2 3 4 |  4.9
Air Magic      | 1 2 3 4 |  4.9
Earth Magic    | 1 2 3 4 |  4.9
Poison Magic   | 1 2 3 4 |  4.9
Fighting       | 3 4 5 6 |  6.5
Evocations     | 3 4 5 6 |  6.5
Long Blades    | 5 6 7 |  7.5
Throwing       | 5 6 7 |  7.5
Armour         | 5 6 7 |  7.5
Dodging        | 5 6 7 |  7.5

Action                   |  1- 3 |  4- 6 |  7- 9 | 10-12 || total
-------------------------+-------+-------+-------+-------++-------
Melee: Dagger            |    55 |       |       |       ||    55
       Bite              |    14 |    12 |    20 |    21 ||    67
       Long sword        |    52 |   138 |   163 |   167 ||   520
       Punch             |     2 |     2 |     5 |     6 ||    15
Invok: Bend Time         |       |       |       |     2 ||     2
Evoke: Wand              |       |     4 |    13 |     5 ||    22
  Use: Scroll            |       |     1 |     3 |     6 ||    10
       Potion            |       |       |       |     2 ||     2
 Stab: Paralysed         |       |       |    28 |       ||    28
       Sleeping          |       |       |     6 |       ||     6
Armor: Scale mail        |    84 |    71 |    14 |    99 ||   268
       Ring mail         |       |     5 |     1 |       ||     6
       Leather armour    |       |       |    37 |       ||    37
Dodge: Dodged            |    91 |    95 |   128 |   118 ||   432

Table legend: (Time is in decaauts)
 A = Elapsed time spent in this place.
 B = Non-inter-level travel time spent in this place.
 C = Inter-level travel time spent in this place.
 D = Time resting spent in this place.
 E = Time spent auto-exploring this place.
 F = Levels seen in this place.
 G = Mean time per level.
                   A        B        C        D        E       F      G
               +--------+--------+--------+--------+--------+-----+--------+
         Total |   5296 |   4878 |    418 |      0 |      0 |  11 |  481.5 |
       Dungeon |   5124 |   4707 |    417 |      0 |      0 |   9 |  569.3 |
        Temple |     35 |     35 |      0 |      0 |      0 |   1 |   35.0 |
          Lair |    136 |    136 |      0 |      0 |      0 |   1 |  136.0 |
               +--------+--------+--------+--------+--------+-----+--------+

Top non-repeatable levels by time:
     D:6: 1010 daAuts
     D:9: 800 daAuts
     D:4: 650 daAuts
     D:8: 631 daAuts
     D:3: 541 daAuts
     D:5: 509 daAuts
     D:7: 443 daAuts
     D:1: 282 daAuts
     D:2: 255 daAuts
  Lair:1: 136 daAuts
  Temple: 35 daAuts
